 Dungeon Crawl Stone Soup version 0.31-a0-544-gceb718ecc6 (webtiles) character file.

Game seed: 15702141904895527334

44 tilp the Sneak (level 3, -4/26 HPs)
             Began as a Vampire Enchanter on Aug 15, 2023.
             Slain by a gnoll
             ... wielding a +0 flail
              (8 damage)
             ... on level 2 of the Dungeon.
             The game lasted 00:02:37 (941 turns).

tilp the Sneak (Vampire Enchanter)                   Turns: 941, Time: 00:02:37

Health: -4/26      AC:  2    Str:  7    XL:     3   Next: 41%
Magic:  5/6        EV: 13    Int: 19    God:
Gold:   57         SH:  0    Dex: 20    Spells: 1/6 levels left

rFire   . . .        a - +1 dagger
rCold   . . .        (no shield)
rNeg    . . .        b - +0 robe
rPois   .            (no helmet)
rElec   .            (no cloak)
rCorr   .            (no gloves)
SInv    +            (no boots)
Will    .....        e - amulet of magic regeneration
Stlth   +++          j - +6 ring of dexterity
HPRegen 0.44/turn    (no ring)
MPRegen 0.50/turn

%: no passive effects
@: confusing by touch, healing quickly
A: alive, fangs 3, see invisible, vampiric 2
a: Exsanguinate


You were on level 2 of the Dungeon.
You visited 1 branch of the dungeon, and saw 2 of its levels.

You collected 71 gold pieces.
You spent 14 gold pieces at shops.

Inventory:

Hand Weapons
 a - a +1 dagger (weapon)
Missiles
 f - 2 poisoned darts (quivered)
Armour
 b - a +0 robe (worn)
Jewellery
 e - an amulet of magic regeneration (around neck)
 j - a +6 ring of dexterity (left hand)
Scrolls
 d - 3 scrolls of brand weapon {unknown}
Potions
 c - 2 potions of invisibility
 i - a potion of curing {unknown}


   Skills:
 * Level 1.2 Fighting
 * Level 1.8 Short Blades
 + Level 2.5 Dodging
 + Level 5.0 Stealth
 + Level 2.1 Spellcasting
 + Level 4.7 Hexes


You had one spell level left.
You knew the following spells:

 Your Spells              Type           Power      Damage    Failure   Level
a - Ensorcelled Hibernat  Hex/Ice        22%        N/A       10%         2
b - Confusing Touch       Hex            20%        N/A       7%          3

Your spell library contained the following spells:

 Spells                   Type           Power      Damage    Failure   Level
 Tukima's Dance           Hex            20%        N/A       7%          3
 Dazzling Flash           Conj/Hex       22%        N/A       19%         3


Dungeon Overview and Level Annotations

Branches:
Dungeon (2/15)

Altars:

Shops:
D:1 (

Annotations:
D:2 Natasha


Innate Abilities, Weirdness & Mutations

Your natural rate of healing is accelerated.
You have razor-sharp teeth.
You have supernaturally acute eyesight. (SInv)
You are afflicted with vampirism and can become a bat while bloodless.


Message History

The gnoll shouts!
Casting: Ensorcelled Hibernation (safe; 10% risk of failure)
Confirm with . or Enter, or press ? or * to list all spells.
Aiming: Ensorcelled Hibernation (safe; 10% risk of failure)
Press: ? - help, Shift-Dir - straight line, f - gnoll
Aim: a gnoll, wielding a +0 flail (chance to affect: 53%)
The gnoll looks drowsy...
Unknown command.
The gnoll closely misses you.
The gnoll shouts!
You hit the gnoll.
The gnoll is moderately wounded.
The gnoll misses you.
The gnoll hits you from afar with a +0 spear!
Unknown command.
Casting: Ensorcelled Hibernation (safe; 10% risk of failure)
Confirm with . or Enter, or press ? or * to list all spells.
Your hands begin to glow red.
The gnoll hits you with a +0 flail. The gnoll barely misses you.
You hit the gnoll but do no damage. You punch the gnoll, but do no damage.
You bite the gnoll.
The gnoll is heavily wounded.
The gnoll barely misses you. The gnoll closely misses you.
You completely miss the gnoll.
The gnoll is heavily wounded.
The gnoll barely misses you.
The gnoll hits you from afar with a +0 spear!
* * * LOW HITPOINT WARNING * * *
You hit the gnoll but do no damage. You bite the gnoll.
The gnoll is heavily wounded.
The gnoll closely misses you.
The gnoll hits you from afar with a +0 spear.
* * * LOW HITPOINT WARNING * * *
You hit the gnoll but do no damage. Your bite misses the gnoll.
The gnoll is heavily wounded.
The gnoll misses you. The gnoll barely misses you.
You hit the gnoll but do no damage. You bite the gnoll, but do no damage.
The gnoll is heavily wounded.
The gnoll hits you with a +0 flail!
You die...

*,#.............#.##)#######
*****,#..#.##########.##.#......
**,,,,,#..#.# *,*#.#.#####
,,,,,,,#..#.# *,*#.#,* #
**,,,,*#..#.# *,##.*,****#
*,,,,*#..#.# *.#*,*,,,,,,
*,,,,*#..#.# *.#*,*******
#######..#.##########.#*,*
#........#.....@ggg...##+##**
##........##########........,*
#...........................,*
#.........##########........,*
#.........# #........,*
#.........##################**
#.#######............# #.#
#.##########.# #.# #.# #.......#


You could see 3 gnolls.

Vanquished Creatures
  4 ball pythons (D:1)
  4 endoplasms (D:1)
  A giant cockroach (D:1)
  4 hobgoblins (D:1)
  2 jackals (D:1)
  9 kobolds
  2 quokkas (D:1)
  5 bats (D:1)
  4 frilled lizards (D:1)
  A goblin (D:1)
  5 rats (D:1)
41 creatures vanquished.

Notes
Turn   | Place    | Note
-------+----------+-------------------------------------------
     0 | D:1      | tilp the Vampire Enchanter began the quest for the Orb.
     0 | D:1      | Reached XP level 1. HP: 13/13 MP: 3/3
    55 | D:1      | Found Kuoxze's Weapon Shoppe.
   105 | D:1      | Reached XP level 2. HP: 20/20 MP: 5/5
   122 | D:1      | Learned a level 2 spell: Ensorcelled Hibernation
   140 | D:1      | Bought 2 poisoned darts for 14 gold pieces
   238 | D:1      | Reached skill level 1 in Fighting
   364 | D:1      | Gained mutation: You are afflicted with vampirism and can
                  | become a bat while bloodless. [Vampire growth]
   364 | D:1      | Reached XP level 3. HP: 26/26 MP: 6/6
   368 | D:1      | Learned a level 3 spell: Confusing Touch
   778 | D:2      | Reached skill level 5 in Stealth
   884 | D:2      | Noticed Natasha
   941 | D:2      | Slain by a gnoll

Illustrated notes

Levels and vault maps discovered:
D:1:      minmay_arrival_hallway, layout_rooms, serial_shops,
          nicolae_shop_window_shopping, minmay_misc_feat_four_crosses,
          minmay_misc_feat_nine_boxes, minmay_crystal_water,
          lexackson_kobold_supper
D:2:      layout_basic, uniq_crazy_yiuf_cottage, uniq_robin, uniq_natasha

Skill      XL: |  1  2  3 |
---------------+----------+-----
Fighting       | 1 |  1.2
Stealth        | 5 |  5.0
Short Blades   | |  1.8
Dodging        | |  2.5
Spellcasting   | |  2.1
Hexes          | |  4.7

Action                     || total
---------------------------++-------
  Melee: Dagger            ||   110
         Bite              ||    11
         Punch             ||     1
   Cast: Ensorcelled Hiber ||     9
         Confusing Touch   ||     1
    Use: Scroll            ||     3
   Stab: Sleeping          ||    12
 Armour: Robe              ||    17
  Dodge: Dodged            ||    81

Table legend: (Time is in decaauts)
 A = Elapsed time spent in this place.
 B = Non-inter-level travel time spent in this place.
 C = Inter-level travel time spent in this place.
 D = Time resting spent in this place.
 E = Time spent auto-exploring this place.
 F = Levels seen in this place.
 G = Mean time per level.
                   A        B        C        D        E       F      G
               +--------+--------+--------+--------+--------+-----+--------+
         Total |    931 |    859 |     72 |     66 |    476 |   2 |  465.5 |
       Dungeon |    931 |    859 |     72 |     66 |    476 |   2 |  465.5 |
               +--------+--------+--------+--------+--------+-----+--------+

Top non-repeatable levels by time:
     D:1: 706 daAuts
     D:2: 224 daAuts
